 Dungeon Crawl Stone Soup version 0.31-a0-221-gbddc013574 (webtiles) character file.

Game seed: 11321774080163897481

4763 qw the Skirmisher (level 10, 0/88 HPs)
             Began as a Minotaur Hexslinger on July 3, 2023.
             Slain by a scorpion (3 damage)
             ... summoned by Amaemon
             ... on level 8 of the Dungeon.
             The game lasted 00:03:05 (7495 turns).

qw the Skirmisher (Minotaur Hexslinger)             Turns: 7495, Time: 00:03:05

Health: 0/88       AC:  6    Str: 13    XL:     10   Next: 23%
Magic:  10/10      EV: 17    Int: 10    God:
Gold:   729        SH:  0    Dex: 23    Spells: 10/11 levels left

rFire   . . .        Y - +0 orcbow (flame)
rCold   . . .        (shield currently unavailable)
rNeg    . . .        b - +3 leather armour
rPois   .            (helmet restricted)
rElec   .            (no cloak)
rCorr   .            (no gloves)
SInv    .            (no boots)
Will    +....        p - amulet of the acrobat
Stlth   ++           h - ring of willpower
HPRegen 0.34/turn    d - +6 ring of dexterity
MPRegen 0.12/turn

%: acrobat
@: lethally poisoned (0 -> -84)
A: horns 2, retaliatory headbutt
a: no special abilities


You were on level 8 of the Dungeon.
You visited 2 branches of the dungeon, and saw 9 of its levels.
You also visited: Ossuary.

You collected 729 gold pieces.


Innate Abilities, Weirdness & Mutations

You have a pair of horns on your head.
You reflexively headbutt those who attack you in melee.


   Skills:
 + Level 8.0 Fighting
 - Level 13.0 Ranged Weapons
 - Level 1.1 Armour
 - Level 7.5 Dodging
 - Level 1.0 Spellcasting
 - Level 2.0 Hexes


You had 10 spell levels left.
You knew the following spells:

 Your Spells              Type           Power      Damage    Failure   Level
a - Slow                  Hex            16%        N/A       19%         1

Your spell library contained the following spells:

 Spells                   Type           Power      Damage    Failure   Level
 Inner Flame              Hex/Fire       2%         N/A       65%         3
 Portal Projectile        Hex/Tloc       4%         N/A       65%         3
 Cause Fear               Hex            2%         N/A       88%         4

Inventory:

Hand Weapons
 Y - a +0 orcbow of flaming (weapon)
Armour
 b - a +3 leather armour (worn)
 r - a +0 cloak
Jewellery
 d - a +6 ring of dexterity (right hand)
 h - a ring of willpower (left hand)
 i - a ring of fire
 p - an amulet of the acrobat (around neck)
Scrolls
 f - 3 scrolls of identify
 m - 2 scrolls of teleportation
Potions
 a - 3 potions of heal wounds
 c - a potion of mutation
 e - 5 potions of curing
 g - a potion of cancellation
 j - a potion of might
 k - a potion of ambrosia {unknown}
 l - a potion of lignification {unknown}
 n - 2 potions of enlightenment {unknown}
 o - a potion of magic {unknown}
 q - a potion of degeneration {unknown}

Dungeon Overview and Level Annotations

Branches:
Dungeon (8/15)             Temple (1/1) D:6         Ossuary (visited)
   Lair: D:8-11

Altars:
Ashenzari
Cheibriados
Dithmenos
Elyvilon
Fedhas
Gozag
Hepliaklqana
Kikubaaqudgha
Makhleb
Qazlal
Ru
Sif Muna
Trog
Vehumet
Wu Jian
Yredelemnul
Zin
The Shining One

Annotations:
D:7 1 runed translucent door, qw's ghost, novice DEHu
D:8 Amaemon


Message History

The orange demon closely misses you.
Amaemon whines, "They said I was special.
Look at me now!"
Amaemon barely misses you. You furiously retaliate!
You headbutt Amaemon, but do no damage. Amaemon claws you.
Amaemon closely misses you.
You shoot an arrow. The arrow hits Amaemon.
The arrow burns Amaemon.
Amaemon is severely wounded.
You feel sick. The scorpion stings you. The scorpion barely misses you.
You shoot an arrow. The arrow closely misses Amaemon.
The arrow hits the orange demon.
The arrow burns the orange demon.
The orange demon is lightly wounded.
You feel sick.
Amaemon says, "Need some antivenom?
Don't worry, you can trust me."
Amaemon hits you with a -2 demon whip of venom!
You are more poisoned.
Amaemon misses you. Amaemon barely misses you.
The orange demon stings you from afar! The scorpion barely misses you.
You furiously retaliate!
You headbutt the scorpion! The scorpion stings you.
You shoot an arrow. The arrow hits Amaemon!
The arrow burns Amaemon.
Amaemon is severely wounded.
You feel very sick.
The orange demon no longer looks unusually toxic.
Amaemon hits you with a -2 demon whip of venom.
You are more poisoned.
Amaemon misses you. Amaemon closely misses you.
The orange demon closely misses you. The scorpion barely misses you.
The scorpion stings you.
You shoot an arrow. The arrow hits Amaemon!
The arrow burns Amaemon.
Amaemon is almost dead.
You feel very sick.
Amaemon hits you with a -2 demon whip of venom!
You are lethally poisoned!
Amaemon claws you! Amaemon tail-slaps you.
You are more poisoned.
Amaemon poisons you! The orange demon stings you from afar.
You are more poisoned.
The orange demon poisons you!
The scorpion stings you but does no damage.
The scorpion stings you.
You die...

#....# ##....# ..
#.....# .PP. #.....#
.P._. #..<..# #.P...
.....### #...P
)......### ##.4.
.........### ##s6#
###........####.@#
##........##.s.#
##...........#>.....
##......##.#.......
###
#########.........
..## ##........
...## ........ ....#
#....... ....#
#.....


You could see Amaemon, an orange demon and 2 scorpions.

Vanquished Creatures
  An ugly thing (D:6)
  A manticore (D:8)
  Maurice (D:8)
  Maggie (D:8)
  Eustachio (D:5)
  Menkaure (D:4)
  A steam dragon (D:6)
  Edmund (D:5)
  2 ice beasts
  3 orc warriors
  A black bear (D:6)
  A centaur (D:7)
  4 ogres
  A phantom (D:6)
  2 kobold brigands (D:8)
  A bullfrog (D:7)
  A gnoll sergeant (D:7)
  2 scorpions
  8 wights
  7 howler monkeys
  A jelly (D:6)
  5 hounds
  5 orc priests
  An iguana (D:5)
  3 orc wizards
  8 mummies (Ossuary)
  10 gnolls
  5 adders
  A white imp (D:8)
  An ufetubus (D:4)
  3 worms
  A dart slug (D:3)
  25 orcs
  7 bats
  6 endoplasms
  3 giant cockroaches
  A hobgoblin (D:3)
  22 kobolds
  4 quokkas
  10 ball pythons
  4 goblins (D:2)
  3 hobgoblin zombies (Ossuary)
  5 orc zombies (Ossuary)
  5 rats
180 creatures vanquished.

Notes
Turn   | Place    | Note
-------+----------+-------------------------------------------
     0 | D:1      | qw the Minotaur Hexslinger began the quest for the Orb.
     0 | D:1      | Reached XP level 1. HP: 16/16 MP: 1/1
     0 | D:1      | 0 ||| qw: Version: 0.3-a-40-ge99b1a8
     0 | D:1      | 0 ||| qw: Game counter: 581
     0 | D:1      | 0 ||| qw: Melee chars always use a shield: true
     0 | D:1      | 0 ||| qw: God list: Okawaru
     0 | D:1      | 0 ||| qw: Allow faded altars: false
     0 | D:1      | 0 ||| qw: Do Orc after clearing Dungeon:15 true
     0 | D:1      | 0 ||| qw: Do second Lair branch before Depths: true
     0 | D:1      | 0 ||| qw: Lair rune preference: random
     0 | D:1      | 0 ||| qw: Goals: Normal
     0 | D:1      | 0 ||| PLANNING D:1-11
   115 | D:1      | Reached skill level 3 in Ranged Weapons
   115 | D:1      | Reached XP level 2. HP: 22/23 MP: 2/2
   379 | D:1      | Reached XP level 3. HP: 29/29 MP: 3/3
   788 | D:1      | 788 ||| UPGRADING to +0 ring mail.
   798 | D:1      | 798 ||| DROPPING +0 robe.
   799 | D:1      | 799 ||| UPGRADING to ring of willpower.
   800 | D:1      | 800 ||| READING scroll labelled GETILO VAVOALL.
   801 | D:1      | 801 ||| READING 2 scrolls labelled HOUFOE CAZEMI.
   802 | D:1      | 802 ||| DROPPING scroll of poison.
   877 | D:2      | HP: 5/29 [worm (4)]
  1078 | D:2      | Reached skill level 4 in Ranged Weapons
  1078 | D:2      | Reached XP level 4. HP: 34/36 MP: 4/4
  1152 | D:2      | Reached skill level 1 in Armour
  1451 | D:2      | 1451 ||| READING scroll labelled ULEFFE YBU DER.
  1456 | D:2      | 1456 ||| READING scroll labelled FYEWESS QIATEO.
  1457 | D:2      | 1457 ||| READING scroll labelled XEESA IPEEG HEIR.
  1458 | D:2      | 1458 ||| READING scroll labelled UNLUFI ATUY.
  1459 | D:2      | 1459 ||| DRINKING 2 viscous puce potions.
  1460 | D:2      | 1460 ||| READING 3 scrolls of identify.
  1460 | D:2      | 1460 ||| IDENTIFYING black potion
  1461 | D:2      | 1461 ||| READING 2 scrolls of identify.
  1461 | D:2      | 1461 ||| IDENTIFYING amethyst potion
  1462 | D:2      | 1462 ||| DROPPING potion of attraction.
  1463 | D:2      | 1463 ||| DROPPING potion of brilliance.
  1558 | D:3      | Reached skill level 5 in Ranged Weapons
  1825 | D:3      | Reached XP level 5. HP: 43/44 MP: 5/5
  2145 | D:3      | Reached skill level 3 in Fighting
  2156 | D:3      | 2156 ||| UPGRADING to +6 ring of dexterity.
  2157 | D:3      | 2157 ||| READING scroll labelled YJUPLA GACY.
  2158 | D:3      | 2158 ||| READING scroll labelled NEEZUA YNYLI.
  2159 | D:3      | 2159 ||| READING scroll labelled HUYREB KA SUFEAR.
  2185 | D:4      | Noticed Menkaure
  2196 | D:4      | HP: 9/45 [??? (6)]
  2198 | D:4      | Killed Menkaure
  2199 | D:4      | Reached skill level 6 in Ranged Weapons
  2199 | D:4      | Reached XP level 6. HP: 12/51 MP: 6/6
  2522 | D:4      | HP: 11/52 [gnoll/+0 spear (4)]
  2527 | D:4      | HP: 5/52 [poisoned by a gnoll]
  2527 | D:4      | HP: 1/52 [gnoll/+0 spear (4)]
  2858 | D:4      | Reached skill level 7 in Ranged Weapons
  2861 | D:4      | Reached XP level 7. HP: 48/59 MP: 7/7
  3340 | D:4      | 3340 ||| READING scroll of enchant weapon.
  3340 | D:4      | 3340 ||| ENCHANTING +2 sling of draining.
  3515 | D:4      | 3515 ||| UPGRADING to +0 robe of willpower.
  3525 | D:4      | 3525 ||| UPGRADING to +3 leather armour.
  3535 | D:4      | 3535 ||| DROPPING +0 robe of willpower.
  3536 | D:4      | 3536 ||| DROPPING +0 ring mail.
  3537 | D:4      | 3537 ||| READING 3 scrolls of identify.
  3537 | D:4      | 3537 ||| IDENTIFYING fuming pink potion
  3538 | D:4      | 3538 ||| DROPPING potion of berserk rage.
  3567 | D:5      | Entered Level 5 of the Dungeon
  3568 | D:5      | 3568 ||| PLANNING OSSUARY
  3603 | D:5      | Reached skill level 3 in Dodging
  3649 | D:5      | 3649 ||| READING scroll of enchant weapon.
  3649 | D:5      | 3649 ||| ENCHANTING +3 sling of draining.
  3723 | D:5      | Noticed Eustachio
  3745 | D:5      | Killed Eustachio
  3746 | D:5      | Reached skill level 8 in Ranged Weapons
  3826 | D:5      | 3826 ||| FLEEEEING.
  3827 | D:5      | 3827 ||| FLEEEEING.
  3828 | D:5      | 3828 ||| STAIRDANCE
  3889 | D:4      | 3889 ||| READING scroll labelled KESUOSK GEUTE.
  3890 | D:4      | 3890 ||| READING 2 scrolls of identify.
  3890 | D:4      | 3890 ||| IDENTIFYING bubbling dark potion
  3988 | D:5      | Found a sand-covered staircase.
  3992 | Ossuary  | Entered an ossuary
  4154 | Ossuary  | 4154 ||| READING 3 scrolls of identify.
  4154 | Ossuary  | 4154 ||| IDENTIFYING metallic grey potion
  4155 | Ossuary  | 4155 ||| READING 2 scrolls of identify.
  4155 | Ossuary  | 4155 ||| IDENTIFYING grey potion
  4156 | Ossuary  | 4156 ||| DROPPING potion of invisibility.
  4182 | D:5      | 4182 ||| PLANNING D:1-11
  4322 | D:5      | HP: 15/61 [orc warrior/+0 long sword (6)]
  4323 | D:5      | 4323 ||| DRINKING 2 potions of heal wounds.
  4326 | D:5      | Reached skill level 9 in Ranged Weapons
  4326 | D:5      | Reached XP level 8. HP: 41/68 MP: 8/8
  4515 | D:5      | Noticed Edmund
  4531 | D:5      | Killed Edmund
  4676 | D:5      | Reached skill level 6 in Fighting
  4975 | D:5      | 4975 ||| READING scroll labelled PUUJENLOOTU.
  4976 | D:5      | 4976 ||| READING scroll labelled NAVIKHLO KUACH.
  5240 | D:6      | Reached skill level 10 in Ranged Weapons
  5303 | D:6      | Reached XP level 9. HP: 68/79 MP: 9/9
  5388 | D:6      | 5388 ||| READING scroll of enchant weapon.
  5388 | D:6      | 5388 ||| ENCHANTING +4 sling of draining.
  5699 | D:6      | Noticed a purple ugly thing
  5707 | D:6      | Killed a purple ugly thing
  5708 | D:6      | Reached skill level 11 in Ranged Weapons
  5729 | D:6      | Found a staircase to the Ecumenical Temple.
  5730 | D:6      | 5730 ||| PLANNING TEMPLE
  5730 | D:6      | 5730 ||| UPGRADING to amulet of the acrobat.
  5741 | Temple   | Entered the Ecumenical Temple
  5900 | Temple   | 5900 ||| PLANNING D:1-11
  6190 | D:7      | Reached skill level 6 in Dodging
  6192 | D:7      | Noticed qw's ghost (novice DEHu)
  6203 | D:7      | Reached skill level 12 in Ranged Weapons
  6203 | D:7      | Found a runed translucent door.
  6274 | D:7      | 6274 ||| Stepping ~*~*~tactically~*~*~ (outnumbered).
  6276 | D:7      | 6276 ||| Stepping ~*~*~tactically~*~*~ (outnumbered).
  6383 | D:7      | 6383 ||| READING scroll of enchant weapon.
  6383 | D:7      | 6383 ||| ENCHANTING +5 sling of draining.
  6399 | D:7      | 6399 ||| SWAPPING to +0 orcbow of flaming.
  6400 | D:7      | 6400 ||| DROPPING +6 sling of draining.
  6700 | D:7      | 6700 ||| READING scroll labelled ZOT TIKENO.
  6701 | D:7      | 6701 ||| READING 2 scrolls of identify.
  6701 | D:7      | 6701 ||| IDENTIFYING yellow potion
  6726 | D:8      | Noticed a manticore
  6730 | D:8      | Killed a manticore
  6765 | D:8      | Identified the +5 quarterstaff of Causality {heavy, Contam
                  | +Blink rF+ Will+}
  6834 | D:8      | 6834 ||| Stepping ~*~*~tactically~*~*~ (outnumbered).
  6836 | D:8      | 6836 ||| FLEEEEING.
  6837 | D:8      | 6837 ||| FLEEEEING.
  6838 | D:8      | 6838 ||| FLEEEEING.
  6839 | D:8      | 6839 ||| FLEEEEING.
  6840 | D:8      | 6840 ||| FLEEEEING.
  6842 | D:8      | 6842 ||| FLEEEEING.
  6843 | D:8      | 6843 ||| FLEEEEING.
  6844 | D:8      | 6844 ||| FLEEEEING.
  6845 | D:8      | 6845 ||| FLEEEEING.
  6846 | D:8      | 6846 ||| FLEEEEING.
  6847 | D:8      | 6847 ||| FLEEEEING.
  6848 | D:8      | 6848 ||| FLEEEEING.
  6857 | D:8      | Reached XP level 10. HP: 64/88 MP: 10/10
  6857 | D:8      | 6857 ||| FLEEEEING.
  6858 | D:8      | 6858 ||| FLEEEEING.
  6859 | D:8      | 6859 ||| FLEEEEING.
  6860 | D:8      | 6860 ||| FLEEEEING.
  6861 | D:8      | 6861 ||| FLEEEEING.
  6862 | D:8      | 6862 ||| FLEEEEING.
  6863 | D:8      | 6863 ||| FLEEEEING.
  6864 | D:8      | 6864 ||| FLEEEEING.
  6865 | D:8      | 6865 ||| FLEEEEING.
  6866 | D:8      | 6866 ||| FLEEEEING.
  6867 | D:8      | 6867 ||| FLEEEEING.
  6868 | D:8      | 6868 ||| FLEEEEING.
  6869 | D:8      | 6869 ||| FLEEEEING.
  6870 | D:8      | 6870 ||| FLEEEEING.
  6871 | D:8      | 6871 ||| FLEEEEING.
  6873 | D:8      | 6873 ||| FLEEEEING.
  6874 | D:8      | 6874 ||| FLEEEEING.
  6875 | D:8      | 6875 ||| FLEEEEING.
  6876 | D:8      | 6876 ||| FLEEEEING.
  6877 | D:8      | 6877 ||| FLEEEEING.
  6878 | D:8      | 6878 ||| FLEEEEING.
  6879 | D:8      | 6879 ||| FLEEEEING.
  6880 | D:8      | 6880 ||| FLEEEEING.
  6881 | D:8      | 6881 ||| FLEEEEING.
  6882 | D:8      | 6882 ||| FLEEEEING.
  6883 | D:8      | 6883 ||| FLEEEEING.
  6884 | D:8      | 6884 ||| FLEEEEING.
  6885 | D:8      | 6885 ||| FLEEEEING.
  6886 | D:8      | 6886 ||| FLEEEEING.
  6887 | D:8      | 6887 ||| FLEEEEING.
  6888 | D:8      | 6888 ||| FLEEEEING.
  6889 | D:8      | 6889 ||| STAIRDANCE
  6940 | D:7      | 6940 ||| READING 2 scrolls of identify.
  6940 | D:7      | 6940 ||| IDENTIFYING purple potion
  7091 | D:8      | Noticed Maggie
  7100 | D:8      | Killed Maggie
  7399 | D:8      | 7399 ||| Stepping ~*~*~tactically~*~*~ (outnumbered).
  7401 | D:8      | 7401 ||| Stepping ~*~*~tactically~*~*~ (outnumbered).
  7404 | D:8      | 7404 ||| Stepping ~*~*~tactically~*~*~ (outnumbered).
  7432 | D:8      | Noticed Maurice
  7439 | D:8      | Killed Maurice
  7440 | D:8      | Reached skill level 13 in Ranged Weapons
  7480 | D:8      | Found a blossoming altar of Fedhas.
  7481 | D:8      | Noticed Amaemon
  7487 | D:8      | Noticed an orange demon
  7495 | D:8      | HP: 19/88 [Amaemon/-2 demon whip of venom (13)]
  7495 | D:8      | HP: 6/88 [Amaemon/-2 demon whip of venom (6)]
  7495 | D:8      | Slain by a scorpion

Levels and vault maps discovered:
D:1:      matt_arrival_grand_opening, layout_loops_ring, grunt_decor_one_mirror,
          minivault_27, minmay_misc_feat_doors
D:2:      layout_basic, kennysheep_decorative_pillar, st_stairs_7
D:3:      layout_basic
D:4:      layout_loops_corners, kennysheep_cross_bottleneck,
          minmay_quadrilaterals, uniq_menkaure
D:5:      layout_basic, enter_ossuary_5, uniq_eustachio, uniq_edmund
D:6:      layout_basic, minmay_temple_entry_tees, serial_bayou_pond_a
D:7:      layout_cave_pools, hellmonk_ghost_happy_afterlife
D:8:      layout_cave_pods, fedhas_bush_and_centaur_altar, uniq_amaemon,
          uniq_maggie, uniq_maurice
Temple:   bh_familiar_temple

Skill      XL: |  1  2  3  4  5  6  7  8  9 10 |
---------------+-------------------------------+-----
Ranged Weapons | 3 4 5 6 7 9 10 12 13 | 13.0
Fighting       | 2 3 4 5 7 8 |  8.0
Armour         | 1 |  1.1
Dodging        | 3 5 7 |  7.5
Spellcasting   | |  1.0
Hexes          | |  2.0

Action                     |  1- 3 |  4- 6 |  7- 9 | 10-12 || total
---------------------------+-------+-------+-------+-------++-------
   Fire: Sling             |    81 |   158 |   313 |       ||   552
         Orcbow            |       |       |    25 |    73 ||    98
    Use: Scroll            |     2 |     9 |    13 |     1 ||    25
         Potion            |       |     1 |     1 |       ||     2
 Armour: Robe              |     1 |       |       |       ||     1
         Ring mail         |     3 |    27 |     3 |       ||    33
         Leather armour    |       |       |    25 |     5 ||    30
  Dodge: Dodged            |    11 |    42 |    65 |    24 ||   142

Table legend:
 A = Non-vault XP
 B = Vault XP
 C = Vault XP percentage of total XP
 D = Non-vault monster count
 E = Vault monster count
 F = Vault count percentage of total count
                 A         B        C        D         E       F
            +---------+---------+-------+---------+---------+-------
      Total |    5102 |    1703 |  25.0 |     153 |      27 |  15.0
            +---------+---------+-------+---------+---------+-------
        D:1 |      43 |       0 |   0.0 |      19 |       0 |   0.0
        D:2 |      42 |      43 |  50.6 |      16 |       1 |   5.9
        D:3 |     124 |       0 |   0.0 |      21 |       0 |   0.0
        D:4 |     221 |     314 |  58.7 |      19 |       6 |  24.0
        D:5 |     539 |     373 |  40.9 |      12 |       2 |  14.3
        D:6 |    2095 |       0 |   0.0 |      22 |       0 |   0.0
        D:7 |     962 |       0 |   0.0 |      19 |       0 |   0.0
        D:8 |    1076 |     815 |  43.1 |      25 |       2 |   7.4
    Ossuary |       0 |     158 | 100.0 |       0 |      16 | 100.0
            +---------+---------+-------+---------+---------+-------
